 Dungeon Crawl Stone Soup version 0.20-a0-441-g89e74e4 (webtiles) character file.

130 Kriby the Magician (level 4, 0/30 HPs)
             Began as a Mummy Fire Elementalist on Jan 6, 2017.
             Slain by a rat (2 damage)
             ... on level 4 of the Dungeon.
             The game lasted 00:03:38 (6792 turns).

Kriby the Magician (Mummy Fire Elementalist)        Turns: 6792, Time: 00:03:38

Health: 0/30       AC:  2    Str: 11    XL:     4   Next: 89%
Magic:  1/10       EV: 12    Int: 15    God:
Gold:   93         SH:  0    Dex: 12    Spells: 1/11 levels left

rFire  x . .     SeeInvis .     h - staff of wizardry
rCold  + + .     Gourm    .     a - +0 robe
rNeg   + + +     Faith    .     (no shield)
rPois  ∞         Spirit   .     (no helmet)
rElec  .         Reflect  .     (no cloak)
rCorr  .         Harm     .     (no gloves)
MR     .....                    (no boots)
Stlth  ++........               (no amulet)
                                (no ring)
                                g - ring of protection from cold

@: very slightly contaminated
A: no food or potions, fire vulnerability, cold resistance 1, negative energy
resistance 3, torment resistance, unbreathing
a: no special abilities


You were on level 4 of the Dungeon.
You were not hungry.

You visited 1 branch of the dungeon, and saw 4 of its levels.

You collected 93 gold pieces.

Inventory:

Hand Weapons
 e - a +0 short sword
Missiles
 d - 5 tomahawks (quivered)
Armour
 a - a +0 robe (worn)
Magical Staves
 h - an uncursed staff of wizardry (weapon)
Jewellery
 g - a ring of protection from cold (left hand)
Scrolls
 c - 7 scrolls of identify {unknown}
 f - a scroll of random uselessness {unknown}
 j - a scroll of remove curse {unknown}
 k - a scroll of immolation {unknown}
Books
 b - a book of Flames

   Spells                             Type                      Level
   a - Flame Tongue                   Conjuration/Fire             1
   b - Throw Flame                    Conjuration/Fire             2
   c - Conjure Flame                  Conjuration/Fire             3
   d - Inner Flame                    Hexes/Fire                   3
   e - Sticky Flame                   Conjuration/Fire             4
   f - Fireball                       Conjuration/Fire             5
 i - a book of Cantrips

   Spells                             Type                      Level
   a - Confusing Touch                Hexes                        1
   b - Animate Skeleton               Necromancy                   1
   c - Summon Small Mammal            Summoning                    1
   d - Apportation                    Translocation                1


   Skills:
 - Level 1.5 Dodging
 - Level 1.5 Stealth
 * Level 4.4 Spellcasting
 + Level 2.7 Conjurations
 + Level 2.7 Fire Magic


You had one spell level left.
You knew the following spells:

 Your Spells              Type           Power        Failure   Level  Hunger
a - Flame Tongue          Conj/Fire      ##...        3%          1    N/A
b - Conjure Flame         Conj/Fire      ##......     9%          3    N/A
c - Sticky Flame          Conj/Fire      ##......     34%         4    N/A
d - Throw Flame           Conj/Fire      ##....       4%          2    N/A

Dungeon Overview and Level Annotations

Branches:
Dungeon (4/15)
 Temple: D:4-7

Altars:

Portals:
Sewer: D:4


Innate Abilities, Weirdness & Mutations

You do not eat or drink.
Your flesh is vulnerable to fire.
You are immune to poison.
Your flesh is cold resistant. (rC+)
You are immune to negative energy. (rN+++)
You are immune to unholy pain and torment.
You can survive without breathing.


Message History

The river rat is almost dead.
The ball python bites you but does no damage.
The ball python constricts you. The river rat bites you.
You barely miss the river rat.
The river rat is almost dead.
The ball python bites you but does no damage.
The ball python constricts you. The river rat bites you.
The ball python misses you. The ball python constricts you.
The rat completely misses you.
You hit the ball python.
You kill the ball python!
The river rat closely misses you.
You barely miss the rat. The river rat misses you. The rat bites you.
The river rat closely misses you.
You closely miss the rat. The rat bites you. x2
* * * LOW HITPOINT WARNING * * *
The river rat bites you!
* * * LOW HITPOINT WARNING * * *
You hit the rat but do no damage. The rat bites you.
You die...

#.....#.###........#
..........#.!......#
#...#.#.#........#
#.#.....#.#........#
..........#.........
.######..............
#≈≈≈ #.####.#......#
#≈≈≈≈#r# #.#......#
#≈≈∩rr@# #.#......###
#≈≈≈≈#r# #.#........
.#≈≈≈≈#.# #.#......#
.#### #.####.#......#
..#...........#
..#.##.#......# #..
#.#......# #..
#.#......# ..
#.####.###


You could see a river rat and 3 rats.

Vanquished Creatures
  3 adders
  2 oozes (D:2)
  4 worms (D:2)
  2 dart slugs
  2 leopard geckos
  An orc (D:3)
  4 ball pythons
  6 bats
  6 giant cockroaches
  7 hobgoblins
  10 jackals
  2 frilled lizards (D:1)
  7 goblins
  9 kobolds
  5 rats
70 creatures vanquished.

Notes
Turn   | Place    | Note
-------+----------+-------------------------------------------
     0 | D:1      | Kriby the Mummy Fire Elementalist began the quest for the Orb.
     0 | D:1      | Reached XP level 1. HP: 13/13 MP: 4/4
   317 | D:1      | Reached skill level 3 in Spellcasting
   317 | D:1      | Reached skill level 1 in Conjurations
   504 | D:1      | Reached XP level 2. HP: 14/19 MP: 3/6
  1324 | D:2      | Reached XP level 3. HP: 19/24 MP: 4/7
  2060 | D:2      | Learned a level 3 spell: Conjure Flame
  3767 | D:2      | Reached skill level 4 in Spellcasting
  4205 | D:2      | Reached XP level 4. HP: 30/30 MP: 6/10
  5018 | D:2      | Learned a level 4 spell: Sticky Flame
  5021 | D:2      | Learned a level 2 spell: Throw Flame
  6276 | D:2      | Noticed a vampire mosquito
  6778 | D:4      | Found a glowing drain.
  6792 | D:4      | Slain by a rat

Vault maps used:
D:1:      minmay_arrival_floating_metal
D:2:      first_bread
D:4:      portal_sewer_entry_c, enter_ossuary_1, st_stairs_14

Skill      XL: |  1  2  3 |
---------------+----------+-----
Spellcasting   | 3 4 |  4.4
Conjurations   | 1 2 |  2.7
Dodging        | |  1.5
Stealth        | |  1.5
Fire Magic     | |  2.7

Action                   |  1- 3 |  4- 6 || total
-------------------------+-------+-------++-------
Melee: Unarmed           |     5 |       ||     5
       Club              |     5 |       ||     5
       Short sword       |     1 |       ||     1
       Staff             |       |     6 ||     6
 Cast: Flame Tongue      |    87 |    45 ||   132
Armor: Robe              |    11 |     5 ||    16
Dodge: Dodged            |    41 |    15 ||    56
